 Dungeon Crawl Stone Soup version 0.18-a0-824-g47fe746 (webtiles) character file.

784 JokEr the Insei (level 7, -7/49 HPs)
             Began as an Octopode Transmuter on Dec 17, 2015.
             Mangled by an ogre
             ... wielding a +0 giant spiked club
              (22 damage)
             ... on level 5 of the Dungeon.
             The game lasted 00:12:04 (6603 turns).

JokEr the Insei (Octopode Transmuter)               Turns: 6603, Time: 00:12:04

Health: -7/49      AC:  1    Str: 14    XL:     7   Next: 86%
Magic:  10/10      EV: 12    Int: 17    God:
Gold:   179        SH:  0    Dex: 13    Spells: 2 memorised, 5 levels left

rFire  . . .     SeeInvis .       - Unarmed
rCold  . . .     Gourm    .     (no shield)
rNeg   . . .     Faith    .     (helmet restricted)
rPois  .         Spirit   .     (no amulet)
rElec  .         Dismiss  .     d - ring of protection from magic
rCorr  .         Reflect  .     (no ring)
SustAt .         Harm     .     (no ring)
MR     +....                    (no ring)
Stlth  ++........               (no ring)
                                (no ring)
                                (no ring)
                                (no ring)

@: mighty, appendage (expiring), somewhat resistant to hostile enchantments,
unstealthy
A: almost no armour, amphibious, 8 rings, constrict 8, tentacle spike 3,
camouflage 1, gelatinous body 1
a: End Transformation


You were on level 5 of the Dungeon.
You were very hungry.
One of your tentacles had a temporary spike.
You visited 1 branch of the dungeon, and saw 5 of its levels.

You collected 179 gold pieces.

Inventory:

Missiles
 a - 113 arrows
Jewellery
 d - a ring of protection from magic (left tentacle)
Wands
 m - a wand of digging (24)
 o - a wand of random effects (20)
 p - a wand of fire (5)
Scrolls
 l - a scroll of fog
 n - 4 scrolls of remove curse
 r - 2 scrolls of teleportation
 s - a scroll of enchant armour {unknown}
 t - a scroll of identify
Potions
 c - a potion of magic {unknown}
 e - a potion of agility {unknown}
 f - a potion of heal wounds {unknown}
 i - a potion of might
 j - 2 potions of curing {unknown}
 u - a potion of mutation {unknown}
Books
 b - a book of Changes

   Spells                             Type                      Level
   a - Beastly Appendage              Transmutation                1
   b - Sticks to Snakes               Transmutation                2
   c - Spider Form                    Transmutation/Poison         3
   d - Ice Form                       Ice/Transmutation            4
   e - Blade Hands                    Transmutation                5
Comestibles
 g - 2 meat rations
 h - 3 slices of pizza
 k - a bread ration
 q - 4 fruits


   Skills:
 + Level 4.6 Fighting
 - Level 2.0 Dodging
 + Level 5.8 Unarmed Combat
 - Level 2.0 Spellcasting
 - Level 3.2 Transmutations
 + Level 4.0 Ice Magic


You had 5 spell levels left.
You knew the following spells:

 Your Spells              Type           Power        Failure   Level  Hunger
a - Beastly Appendage     Trmt           ##....       6%          1    #......
b - Ice Form              Ice/Trmt       ##......     45%         4    #####..


Dungeon Overview and Level Annotations

Branches:
Dungeon (5/15)
 Temple: D:4-7

Altars:
Ashenzari
Elyvilon
Kikubaaqudgha
Makhleb
Nemelex Xobeh
Qazlal
Ru
Xom
The Shining One

Shops:
D:4 (


Innate Abilities, Weirdness & Mutations

You cannot wear most types of armour.
You are amphibious.
You can wear up to eight rings at the same time.
You can use your tentacles to constrict eight enemies at once.
Your skin changes colour to match your surroundings (Stealth).
Your rubbery body absorbs attacks (AC +1).
One of your tentacles bears a large vicious spike.


Message History

You tentacle-slap the jackal but do no damage.
You grab the jackal. You squeeze the jackal.
The jackal is severely wounded.
Your transformation is almost over.
You constrict the jackal. The jackal bites you.
You tentacle-slap the jackal but do no damage.
The jackal is almost dead.
You constrict the jackal.
You kill the jackal!
You tentacle-slap the ogre but do no damage.
You pierce the ogre.
The ogre is lightly wounded.
The ogre hits you with a giant spiked club!!
Ouch! That really hurt!
Drink which item? (? for menu, Esc to quit)
You feel very mighty all of a sudden.
You barely miss the ogre. You squeeze the ogre!
The ogre is severely wounded.
The ogre hits you with a giant spiked club!!
You die...

............# ###......##.# ##
### #...# #......##.# #..
..###...### #.##.####.# #># ###
.......... #.##.####.# #.####..
$.h.).... ##.##......# #.#. ..##
..h>....
#...##########..###.##.##...!...
#...# #....O.#.##..........
#...########.#.@#.#.# #..?....
#.........##[#.#....#####.###...
##...#####.##...##.#...†.§.......
........[..##..###.#^§^..≈§(^###.
...............# #.≈###^.≈^^#^#
.<.........###.# ##.##.^.≈§^#≈#
.#...#.###.# #.# #.^^.^.≈≈^^^#
.#.........# #.# #≈.≈^..≈≈≈≈^#
.#...#.##### #.# ......_......#


You could see an ogre.

Vanquished Creatures
  Menkaure (D:4)
  A phantom (D:5)
  An ogre (D:4)
  The ghost of JokEr the Insei, an amateur OpTm (D:3)
  A giant frog skeleton (D:4)
  A jelly (D:4)
  A hound (D:4)
  An iguana (D:3)
  Ijyb (D:2)
  Natasha (thrice) (D:4)
  2 worker ants
  Robin (D:4)
  9 adders
  A shadow imp (D:5)
  2 oozes (D:1)
  An adder zombie (D:5)
  An adder skeleton (D:4)
  A worm (D:4)
  2 giant geckos (D:1)
  4 ball pythons
  5 bats
  4 giant cockroaches
  13 hobgoblins
  3 kobolds
  2 quokkas (D:2)
  6 giant newts
  12 goblins
  9 jackals
  A quokka zombie (D:5)
  8 rats
99 creatures vanquished.

Vanquished Creatures (others)
  5 sheep (D:5)
5 creatures vanquished.

Grand Total: 104 creatures vanquished

Notes
Turn   | Place    | Note
--------------------------------------------------------------
     0 | D:1      | JokEr the Octopode Transmuter began the quest for the Orb.
     0 | D:1      | Reached XP level 1. HP: 13/13 MP: 3/3
   270 | D:1      | Reached XP level 2. HP: 16/18 MP: 5/5
   697 | D:1      | Reached XP level 3. HP: 17/23 MP: 6/6
  1737 | D:2      | Noticed Ijyb
  1746 | D:2      | Killed Ijyb
  1746 | D:2      | Reached XP level 4. HP: 21/29 MP: 5/7
  1994 | D:2      | Reached skill level 4 in Unarmed Combat
  2127 | D:2      | Found a white marble altar of Elyvilon.
  2302 | D:2      | Found an ancient bone altar of Kikubaaqudgha.
  2302 | D:2      | Found a sacrificial altar of Ru.
  2302 | D:2      | Found a shattered altar of Ashenzari.
  2302 | D:2      | Found a glowing golden altar of the Shining One.
  2304 | D:2      | Found a sparkling altar of Nemelex Xobeh.
  2334 | D:2      | Reached XP level 5. HP: 32/34 MP: 6/8
  2392 | D:2      | Learned a level 4 spell: Ice Form
  2660 | D:3      | Reached skill level 1 in Ice Magic
  3093 | D:3      | Found a burning altar of Makhleb.
  3093 | D:3      | Noticed a green death
  3127 | D:3      | Noticed JokEr's ghost (amateur OpTm)
  3136 | D:3      | Killed JokEr's ghost
  3136 | D:3      | Reached XP level 6. HP: 12/42 MP: 7/9
  4075 | D:4      | Found Acifes's Antique Weapon Emporium.
  4258 | D:4      | Noticed Natasha
  4274 | D:4      | HP: 1/42 [Natasha (9)]
  4276 | D:4      | Killed Natasha
  4532 | D:4      | Noticed Natasha
  4541 | D:4      | Killed Natasha
  4657 | D:4      | Noticed Natasha
  4662 | D:4      | Killed Natasha
  4773 | D:4      | Noticed Menkaure
  4857 | D:4      | Noticed Robin
  4864 | D:4      | Killed Robin
  4866 | D:4      | Reached skill level 5 in Unarmed Combat
  5237 | D:4      | Killed Menkaure
  5237 | D:4      | Reached XP level 7. HP: 40/48 MP: 10/10
  5800 | D:5      | Entered Level 5 of the Dungeon
  5927 | D:5      | Found a shimmering altar of Xom.
  6579 | D:5      | Found a stormy altar of Qazlal.
  6603 | D:5      | Mangled by an ogre

Vault maps used:
D:1:      evilmike_arrival_plus, minmay_misc_feat_ornament,
          minmay_misc_feat_encased, corexii_corridor_pit, minivault_11,
          due_unseen_surprise
D:2:      grunt_temple_overflow_open, first_bread, uniq_iyjb
D:3:      makhleb_altar_promises_db
D:4:      lightli_sewer_entry_pipes, serial_shops, nicolae_shop_waterfront,
          uniq_robin, uniq_menkaure, uniq_natasha
D:5:      grunt_qazlal_sundering, grunt_pakellas_salt, kb_xom_exploding_sheep

Action                   |  1- 3 |  4- 6 |  7- 9 || total
-------------------------+-------+-------+-------++-------
Melee: Unarmed           |    78 |   153 |    42 ||   273
 Cast: Beastly Appendage |     7 |    27 |     8 ||    42
  Use: Scroll            |     2 |     7 |     1 ||    10
       Potion            |       |     1 |     1 ||     2
 Stab: Sleeping          |     2 |     5 |     2 ||     9
  Eat: Bread ration      |     1 |       |     1 ||     2
       Chunk             |       |     7 |       ||     7
       Beef jerky        |       |     1 |       ||     1
